 Dungeon Crawl Stone Soup version 0.30-a0-358-g0d69a1922f (webtiles) character file.

Game seed: 10510640334855922990

14 IdlyInterested the Covered (level 2, 0/22 HPs)
             Began as a Demonspawn Wanderer on Nov 9, 2022.
             Slain by a goblin
             ... wielding a +0 club
              (4 damage)
             ... on level 1 of the Dungeon.
             The game lasted 00:02:52 (292 turns).

IdlyInterested the Covered (Demonspawn Wanderer)     Turns: 292, Time: 00:02:53

Health: 0/22       AC:  3    Str:  9    XL:     2   Next: 27%
Magic:  2/2        EV: 11    Int: 10    God:
Gold:   20         SH:  0    Dex: 18    Spells: 1/1 levels left

rFire   . . .      SeeInvis .    a - +0 falchion
rCold   . . .      Faith    .    (no shield)
rNeg    . . .      Spirit   .    h - +0 leather armour
rPois   .          Reflect  .    (no helmet)
rElec   .          Harm     .    (no cloak)
rCorr   .          Rampage  .    (no gloves)
Will    .....                    (no boots)
Stlth   ++........               (no amulet)
HPRegen 0.23/turn                (no ring)
MPRegen 0.08/turn                (no ring)

@: no status effects
A: demonic touch 1
a: no special abilities


You were on level 1 of the Dungeon.
You visited 1 branch of the dungeon, and saw 1 of its levels.

You collected 20 gold pieces.

Inventory:

Hand Weapons
 a - a +0 falchion (weapon)
 g - a +0 short sword
Missiles
 c - 10 boomerangs
 d - 3 stones (quivered)
Armour
 b - a +0 chain mail
 h - a +0 leather armour (worn)
Scrolls
 i - a scroll of immolation {unknown}
Potions
 e - 2 potions of curing
 f - a potion of resistance {unknown}


   Skills:
 * Level 2.1 Fighting
 + Level 1.1 Long Blades
 - Level 1.0 Throwing
 - Level 4.0 Armour
 - Level 1.0 Dodging
 * Level 0.5 Stealth
 - Level 1.0 Evocations


You had one spell level left.
You didn't know any spells.
Your spell library was empty.

Dungeon Overview and Level Annotations

Branches:
Dungeon (1/15)

Altars:


Innate Abilities, Weirdness & Mutations

Your touch may inflict minor irresistible damage on your foes.


Message History

You hit the hobgoblin.
The hobgoblin is almost dead.
The hobgoblin closely misses you.
You hit the endoplasm.
The endoplasm is moderately wounded.
The bat hits you but does no damage.
A quokka comes into view.
The hobgoblin completely misses you. The endoplasm hits you.
You hit the endoplasm.
The endoplasm is heavily wounded.
The bat barely misses you. The endoplasm hits you.
The endoplasm hits you but does no damage.
The hobgoblin hits you but does no damage.
You slash the hobgoblin!
You kill the hobgoblin!
The bat hits you but does no damage. The goblin closely misses you.
The endoplasm freezes you.
You are frozen.
You barely miss the endoplasm.
The endoplasm is heavily wounded.
The bat misses you. The bat barely misses you.
The goblin hits you but does no damage. The endoplasm freezes you.
You are frozen.
You barely miss the endoplasm.
The endoplasm is heavily wounded.
The bat misses you. The goblin closely misses you. The endoplasm hits you.
You hit the endoplasm.
The endoplasm is severely wounded.
The bat closely misses you. The goblin closely misses you.
The endoplasm freezes you.
You are frozen.
The endoplasm freezes you.
You are frozen.
* * * LOW HITPOINT WARNING * * *
The goblin hits you with a +0 club.
* * * LOW HITPOINT WARNING * * *
The endoplasm attacks as you move away! The endoplasm misses you.
The bat misses you. The goblin hits you with a +0 club.
You die...

.... .... .... #####
.... ..... ... ####
##+##). #....$ .
#$.r. .$. ..
#.Jg###.!... #.#
#..b@....... # #.#
#...###..... #####
#.# #...########
..... #.# ##......#
... #.#####.......#
.. #.............#
#######.............#
....................#
###########..########


You could see an endoplasm, a quokka, a goblin and a bat.

Vanquished Creatures
  A bat (D:1)
  3 hobgoblins (D:1)
  A ball python (D:1)
  3 frilled lizards (D:1)
  3 kobolds (D:1)
  3 rats (D:1)
14 creatures vanquished.

Notes
Turn   | Place    | Note
-------+----------+-------------------------------------------
     0 | D:1      | IdlyInterested the Demonspawn Wanderer began the quest for
                  | the Orb.
     0 | D:1      | IdlyInterested set off with the following items: a +0
                  | falchion, a +0 chain mail, 10 boomerangs, a +0 dagger, a
                  | potion of curing.
     0 | D:1      | Reached XP level 1. HP: 16/16 MP: 1/1
   118 | D:1      | Reached skill level 4 in Armour
   130 | D:1      | Discovered your monstrous ancestry.
   130 | D:1      | Gained mutation: Your touch may inflict minor irresistible
                  | damage on your foes. [demonic ancestry]
   130 | D:1      | Reached XP level 2. HP: 22/22 MP: 2/2
   292 | D:1      | Slain by a goblin

Illustrated notes

Levels and vault maps discovered:
D:1:      sevenhm_arrival_forest_fort_large_2, layout_basic, serial_bayou_pond_e

Skill      XL: |  1 |
---------------+----+-----
Armour         | 4 |  4.0
Fighting       | |  2.1
Long Blades    | |  1.1
Throwing       | |  1.0
Dodging        | |  1.0
Stealth        | |  0.5
Evocations     | |  1.0

Action                   || total
-------------------------++-------
Melee: Falchion          ||    42
       Touch             ||     2
Throw: Stone             ||     5
Armor: Chain mail        ||    20
       Leather armour    ||     6
Dodge: Dodged            ||    27

Table legend: (Time is in decaauts)
 A = Elapsed time spent in this place.
 B = Non-inter-level travel time spent in this place.
 C = Inter-level travel time spent in this place.
 D = Time resting spent in this place.
 E = Time spent auto-exploring this place.
 F = Levels seen in this place.
 G = Mean time per level.
                   A        B        C        D        E       F      G
               +--------+--------+--------+--------+--------+-----+--------+
         Total |    303 |    303 |      0 |      6 |    143 |   1 |  303.0 |
       Dungeon |    303 |    303 |      0 |      6 |    143 |   1 |  303.0 |
               +--------+--------+--------+--------+--------+-----+--------+

Top non-repeatable levels by time:
     D:1: 303 daAuts
